 Dungeon Crawl Stone Soup version 0.27-a0-1381-g81fdcbfb23 (webtiles) character file.

Game seed: 3885084261487296750

169229 Nattfarinn the Brawler (level 17, -7/182 HPs)
             Began as a Troll Berserker on June 30, 2021.
             Was the Champion of Trog.
             Mangled by a spriggan berserker (29 damage)
             ... on level 3 of the Swamp.
             The game lasted 01:03:10 (25393 turns).

Nattfarinn the Brawler (Troll Berserker)           Turns: 25393, Time: 01:03:12

Health: -7/182     AC: 13    Str: 31    XL:     17   Next: 35%
Magic:  16/16      EV: 17    Int:  3    God:    Trog [******]
Gold:   3638       SH:  0    Dex: 16    Spells: 16/16 levels left

rFire    + . .     SeeInvis +     - Unarmed
rCold    . . .     Faith    .   (no shield)
rNeg     . . .     Spirit   .   u - +1 acid dragon scales
rPois    .         Reflect  .   (helmet restricted)
rElec    .         Harm     .   E - +1 cloak of Starlight {*Dazzle EV+4 Stlth--}
rCorr    +         Rampage  .   (gloves unavailable)
Will     +++..                  (boots unavailable)
Stlth    ..........             n - amulet of regeneration
HPRegen  3.40/turn              i - ring of flight
MPRegen  0.15/turn              I - ring of the Gastropod {rF+ Dex+6 SInv}

@: strong-willed (expiring), flying, regenerating (expiring)
A: large, unfitting armour, claws 3, regeneration 1, shaggy fur 1, tough skin 1,
clumsy 1
a: Renounce Religion, Berserk, Trog's Hand, Brothers in Arms


You were on level 3 of the Swamp.
You worshipped Trog.
Trog was exalted by your worship.
You visited 4 branches of the dungeon, and saw 26 of its levels.
You also visited: Bailey and Gauntlet.

You collected 3638 gold pieces.

Inventory:

Missiles
 t - 5 silver javelins
 L - 5 curare-tipped darts
 N - 20 large rocks (quivered)
 T - 5 boomerangs of dispersal
Armour
 u - +1 acid dragon scales (worn)
 E - the +1 cloak of Starlight (worn) {*Dazzle EV+4 Stlth--}
   (You found it on level 1 of the Lair of Beasts)

   EV:        It affects your evasion (+4).
   Stlth:     It makes you much less stealthy.
Jewellery
 i - a ring of flight (left claw)
 m - an amulet of reflection
 n - an amulet of regeneration (around neck)
 r - a ring of protection from cold
 I - the ring of the Gastropod (right claw) {rF+ Dex+6 SInv}
   (You found it on level 8 of the Dungeon)

   [ring of dexterity]

   Dex:       It affects your dexterity (+6).
   rF:        It protects you from fire.
   SInv:      It lets you see invisible.
 S - a ring of protection from fire
 W - the ring "Yqaok" {+Blink rPois MP+9 Dex-5}
   (You found it in a Gauntlet)

   [ring of magical power]

   Dex:       It affects your dexterity (-5).
   rPois:     It protects you from poison.
   MP:        It affects your magic capacity (+9).
   +Blink:    It lets you blink.
Wands
 a - a wand of charming (7)
 k - a wand of iceblast (17)
 w - a wand of acid (25)
 F - a wand of mindburst (30)
 O - a wand of flame (36)
 P - a wand of paralysis (5)
 Q - a wand of polymorph (6)
 V - a wand of digging (20)
Scrolls
 h - 2 scrolls of holy word
 j - a scroll of summoning
 o - 2 scrolls of immolation
 v - 2 scrolls of brand weapon
 x - 5 scrolls of teleportation
 y - 2 scrolls of torment
 B - a scroll of identify
 H - a scroll of fear
 J - 6 scrolls of magic mapping
 K - 3 scrolls of fog
 X - 3 scrolls of vulnerability
 Z - a scroll of enchant weapon
Potions
 b - 5 potions of heal wounds
 d - 3 potions of ambrosia
 e - 3 potions of attraction
 f - 3 potions of resistance
 g - 3 potions of lignification
 l - 4 potions of berserk rage
 q - 9 potions of curing
 z - 4 potions of brilliance {unknown}
 A - 3 potions of might
 C - 5 potions of flight {unknown}
 D - 5 potions of haste {unknown}
 G - 2 potions of mutation {unknown}
 M - 4 potions of magic {unknown}
 Y - 4 potions of degeneration {unknown}
Miscellaneous
 p - a lightning rod (4/4)
 s - a condenser vane
 R - a tin of tremorstones (2/2)
 U - a phantom mirror


   Skills:
 - Level 14.4 Fighting
 - Level 9.6 Throwing
 - Level 7.2 Armour
 - Level 8.0 Dodging
 - Level 18.7 Unarmed Combat
 + Level 7.5 Evocations


You had 16 spell levels left.
You didn't know any spells.
Your spell library was empty.

Dungeon Overview and Level Annotations

Branches:
Dungeon (15/15) Temple (0/1) D:6 Lair (6/6) D:9 Swamp (3/4) Lair:3 Spider (0/4) Lair:3 Slime (0/5) Lair:5 Orc (2/2) D:9 Elf (0/3) Orc:2 Vaults (0/5) D:13 D:14 Depths (0/5) D:15 Bailey (visited) Gauntlet (visited)

Altars:
Cheibriados
Elyvilon
Fedhas
Gozag
Kikubaaqudgha
Makhleb
Nemelex Xobeh
Okawaru
Qazlal
Vehumet
Wu Jian
Xom
Jiyva

Shops:
D:2 =*?(=   D:12 [?=[:   Orc:2 :[(*

Annotations:
Lair:5 1 runed translucent door


Innate Abilities, Weirdness & Mutations

You are too large for most types of armour.
You have claws for hands.
Your natural rate of healing is unusually fast.
You are covered in fur. (AC +1)
You have tough skin. (AC +1)
You are clumsy. (Dex -2)


Message History

* * * LOW HITPOINT WARNING * * *
The seven-headed hydra bites you.
* * * LOW HITPOINT WARNING * * *
The seven-headed hydra closely misses you. x2
The seven-headed hydra bites you.
* * * LOW HITPOINT WARNING * * *
Unknown command.
Your surroundings suddenly seem different.
You feel the effects of Trog's Hand fading.
You feel sick.
A spriggan rider comes into view. It is wielding a +0 war axe.
The spriggan rider shouts!
A spriggan druid comes into view. It is wielding a +0 quarterstaff.
The spriggan druid shouts!
You hear a deafening roar!
A goliath frog comes into view.
A swamp dragon comes into view.
The spriggan druid calls out to the beasts of the wild!
An eleionoma comes into view.
Unknown command.
Unknown command.
As you read the scroll of teleportation, it crumbles to dust.
You feel strangely unstable.
You feel sick.
You are no longer poisoned.
A swamp worm comes into view.
The spriggan rider completely misses you.
A swamp worm comes into view.
The swamp worm moves out of view.
Unknown command.
Unknown command.
The spriggan rider hits you with a +0 war axe!!
* * * LOW HITPOINT WARNING * * *
Unknown command.
Unknown command.
Blink to where?
Press: ? - help, Dir - move target
As you read the scroll of blinking, it crumbles to dust.
Your surroundings suddenly seem different.
A five-headed hydra comes into view.
The five-headed hydra roars!
The spriggan berserker hits you with a scorched hand axe!!
You die...

....#.#F.(..
♣...♣#..≈≈♣♣
.....#)#(....
♣...♣♣≈≈.>≈♣♣
.≈...###...≈.
♣♣.♣♣♣≈..≈≈.♣ ♣......
♣.♣ #..≈≈≈♣♣ [♣♣♣♣♣♣ ♣.♣
#≈≈≈♣..♣♣ ♣♣ ♣♣♣
#≈≈..≈.≈♣ .♣♣ ♣♣≈≈≈≈≈♣≈≈
#######.♣♣ ♣♣..≈.≈≈≈≈≈
..t.D.i@.♣♣♣♣♣.§♣≈≈>§...
#######.♣#♣.≈.≈≈≈.....≈.
D♣♣♣.≈≈≈≈..♣..♣♣§≈ #♣
♣≈..≈≈♣♣♣..§...
..≈♣♣♣♣.♣.♣♣.≈≈.≈ ≈≈
♣....≈≈D.≈.≈ .
♣♣≈♣...≈≈..≈ ♣♣♣♣.♣♣...≈
♣♣♣...§≈


You could see a five-headed hydra, a four-headed hydra, a ghost crab and a
spriggan berserker.

Vanquished Creatures
  Rupert (D:14)
  Kirke (Lair:4)
  An orc warlord (Orc:2)
  Louise (Swamp:1)
  A ghoul (Swamp:3)
  Nessos (Lair:6)
  4 bunyips (Swamp:3)
  A deep elf annihilator (D:14)
  A minotaur (Gauntlet)
  A dire elephant (D:15)
  An ettin (Orc:1)
  3 eleionomae (Swamp:1)
  Josephine (Lair:5)
  18 hydras
  2 shambling mangroves (Swamp:3)
  2 ghost crabs
  2 boulder beetles
  Erica (D:8)
  6 centaur warriors
  A merfolk avatar (Swamp:2)
  An ogre mage (D:14)
  8 alligators
  3 death yaks (Lair:5)
  14 two-headed ogres
  Urug (D:14)
  6 tengu warriors (D:14)
  4 orc high priests
  7 spriggans
  A deep elf knight (Swamp:2)
  2 spriggan berserkers
  Sonja (Lair:2)
  Nergalle (Lair:4)
  10 goliath frogs
  3 skeletal warriors
  A fire crab (Gauntlet)
  3 bog bodies
  4 spriggan druids
  3 swamp dragons (Swamp:3)
  5 deep elf pyromancers
  Pikel (D:7)
  2 deep elf zephyrmancers (D:14)
  10 orc knights
  13 cyclopes
  4 orc sorcerers
  6 ugly things
  2 wolf spiders
  A will-o-the-wisp (Swamp:1)
  3 manticores (D:15)
  A salamander (D:15)
  9 elephants
  A guardian serpent (Lair:6)
  Joseph (D:7)
  A guardian serpent (shapeshifter) (D:15)
  7 black mambas
  A gargoyle (D:12)
  20 cane toads
  5 rime drakes
  An unseen horror (D:12)
  8 kobold demonologists
  5 komodo dragons
  5 trolls
  5 tengu conjurers (D:14)
  10 polar bears
  12 hornets
  A bloated husk (Swamp:1)
  4 tyrant leeches
  8 blink frogs
  6 raiju
  8 slime creatures
  Sigmund (D:3)
  17 wyverns
  6 wraiths
  4 fire bats (Gauntlet)
  34 yaks
  A vampire (D:12)
  Eustachio (D:5)
  5 basilisks
  A hog (Lair:4)
  16 humans (D:14)
  3 steam dragons
  Grum (D:9)
  18 vampire mosquitoes
  Menkaure (D:4)
  16 swamp worms
  12 wargs
  5 acid dragons
  20 water moccasins
  18 hell hounds
  23 orc warriors
  A sky beast (D:7)
  A swamp drake (Swamp:2)
  3 necrophages
  7 ogres
  3 ice beasts
  12 black bears
  A tengu (shapeshifter) (D:14)
  5 boggarts (D:15)
  12 centaurs
  2 lemures (D:7)
  36 wolves
  7 bullfrogs
  6 kobold brigands
  2 scorpions
  3 gnoll sergeants
  2 water moccasin skeletons
  8 wights
  5 killer bees (D:8)
  5 howler monkeys
  An electric eel (Lair:2)
  A bullfrog zombie (D:5)
  2 centaur zombies
  3 hounds (D:5)
  Crazy Yiuf (D:4)
  21 orc priests
  Ijyb (D:3)
  18 orc wizards
  A killer bee zombie (D:8)
  2 howler monkey zombies
  A howler monkey skeleton (D:7)
  9 adders
  15 gnolls
  A white imp (D:8)
  2 ufetubi (D:5)
  An adder skeleton (D:4)
  4 worms
  A dart slug (D:3)
  59 orcs
  7 ball pythons
  4 bats
  12 endoplasms
  A giant cockroach (D:1)
  13 goblins
  5 hobgoblins
  15 jackals
  2 quokkas
  4 frilled lizards
  48 kobolds
  11 rats
879 creatures vanquished.

Vanquished Creatures (collateral kills)
  6 hydras
  2 cane toads
  A water moccasin (Lair:5)
  A bullfrog (Lair:2)
10 creatures vanquished.

Vanquished Creatures (others)
  Nikola (Swamp:1)
  An alligator (Swamp:1)
  A wizard (D:14)
  A human (Lair:4)
  An orc wizard (Orc:2)
  18 foxfires (Swamp:1)
  16 fungi
  133 plants
172 creatures vanquished.

Grand Total: 1061 creatures vanquished

Notes
Turn   | Place    | Note
-------+----------+-------------------------------------------
     0 | D:1      | Nattfarinn the Troll Berserker began the quest for the Orb.
     0 | D:1      | Reached XP level 1. HP: 22/22 MP: 0/0
    84 | D:1      | Reached XP level 2. HP: 29/29 MP: 1/1
   433 | D:1      | Reached ** piety under Trog
   604 | D:2      | Found Juisteos's Jewellery Shop.
   640 | D:2      | Reached XP level 3. HP: 29/36 MP: 2/2
   774 | D:2      | Found a faded altar of an unknown god.
   783 | D:2      | Found Zitoqen's Weapon Shop.
   816 | D:2      | Found Xuic's Magic Scroll Emporium.
   970 | D:2      | Found Olurec's Jewellery Shoppe.
   974 | D:2      | Found Reaq's General Store.
  1281 | D:3      | Reached skill level 4 in Unarmed Combat
  1305 | D:3      | Reached XP level 4. HP: 41/44 MP: 3/3
  1351 | D:3      | Noticed Ijyb
  1357 | D:3      | Killed Ijyb
  1521 | D:3      | Found an ornate altar of the Wu Jian Council.
  1593 | D:3      | Reached *** piety under Trog
  1604 | D:3      | Noticed Sigmund
  1615 | D:3      | Killed Sigmund
  1616 | D:3      | Reached skill level 5 in Unarmed Combat
  1616 | D:3      | Reached XP level 5. HP: 53/53 MP: 4/4
  1616 | D:3      | Reached XP level 6. HP: 61/61 MP: 5/5
  2376 | D:4      | Noticed Menkaure
  2382 | D:4      | Killed Menkaure
  2383 | D:4      | Reached skill level 6 in Unarmed Combat
  2383 | D:4      | Reached XP level 7. HP: 68/68 MP: 6/6
  2853 | D:4      | Found an ancient bone altar of Kikubaaqudgha.
  2856 | D:4      | Found a burning altar of Makhleb.
  2857 | D:4      | Found an opulent altar of Gozag.
  2917 | D:4      | Found a runed translucent door.
  2918 | D:4      | Noticed Crazy Yiuf
  3296 | D:4      | Killed Crazy Yiuf
  3297 | D:4      | Reached skill level 7 in Unarmed Combat
  3305 | D:4      | Identified the +1 mace of Causality {freeze, rPois rF+
                  | Int+3}
  3354 | D:5      | Entered Level 5 of the Dungeon
  3419 | D:5      | Noticed Eustachio
  3427 | D:5      | Killed Eustachio
  3428 | D:5      | Reached XP level 8. HP: 79/79 MP: 7/7
  3641 | D:5      | Reached skill level 8 in Unarmed Combat
  3736 | D:5      | Reached skill level 5 in Fighting
  3736 | D:5      | Found a white marble altar of Elyvilon.
  3757 | D:5      | Reached **** piety under Trog
  3807 | D:5      | Reached skill level 5 in Dodging
  4318 | D:6      | Found a staircase to the Ecumenical Temple.
  4610 | D:6      | Reached skill level 9 in Unarmed Combat
  4610 | D:6      | Reached XP level 9. HP: 88/88 MP: 8/8
  4898 | D:6      | Found a radiant altar of Vehumet.
  5348 | D:7      | Noticed Joseph
  5349 | D:7      | Noticed Pikel
  5362 | D:7      | Killed Pikel
  5363 | D:7      | Reached skill level 10 in Unarmed Combat
  5370 | D:7      | Killed Joseph
  5671 | D:7      | Reached XP level 10. HP: 100/100 MP: 9/9
  5838 | D:8      | Found a blossoming altar of Fedhas.
  6036 | D:8      | Found a shimmering altar of Xom.
  6208 | D:8      | Noticed Erica
  6210 | D:8      | Reached skill level 11 in Unarmed Combat
  6237 | D:8      | Killed Erica
  6334 | D:8      | Identified the ring of the Gastropod {rF+ Dex+6 SInv}
  6456 | D:8      | Noticed a white ugly thing
  6462 | D:8      | Killed a white ugly thing
  6613 | D:9      | Found a staircase to the Orcish Mines.
  6653 | D:9      | Reached skill level 12 in Unarmed Combat
  6842 | D:9      | Reached XP level 11. HP: 103/109 MP: 10/10
  6886 | D:9      | Found a staircase to the Lair.
  7228 | D:9      | Noticed Grum
  7241 | D:9      | Killed Grum
  7241 | D:9      | Reached ***** piety under Trog
  7656 | D:10     | Entered Level 10 of the Dungeon
  7846 | D:10     | Reached skill level 1 in Armour
  7851 | D:10     | Reached skill level 1 in Throwing
  7869 | D:10     | Found an iron altar of Okawaru.
  8690 | D:10     | Found a snail-covered altar of Cheibriados.
  8743 | D:10     | Found a stormy altar of Qazlal.
  8819 | D:11     | Found a gate leading to a gauntlet.
  8823 | D:11     | Noticed a two-headed ogre
  8823 | D:11     | Noticed a centaur warrior
  8831 | D:11     | Killed a two-headed ogre
  8836 | D:11     | Killed a centaur warrior
  8841 | Gauntlet | Entered a Gauntlet
  8841 | Gauntlet | Found a transporter.
  8841 | Gauntlet | Noticed a fire crab
  8858 | Gauntlet | Found a transporter.
  8860 | Gauntlet | Found a transporter.
  8871 | Gauntlet | Found a transporter.
  8874 | Gauntlet | Found a transporter.
  8881 | Gauntlet | Noticed a catoblepas
  8882 | Gauntlet | Found a transporter.
  8900 | Gauntlet | Found a runed translucent door.
  8904 | Gauntlet | Found a transporter.
  8914 | Gauntlet | Found a transporter.
  8922 | Gauntlet | Noticed a purple ugly thing
  8923 | Gauntlet | Noticed a purple ugly thing
  8923 | Gauntlet | Noticed a glowing orange brain
  8926 | Gauntlet | Found a transporter.
  8945 | Gauntlet | Found a transporter.
  8959 | Gauntlet | Found a transporter.
  8959 | Gauntlet | Found a transporter.
  9008 | Gauntlet | Found a transporter.
  9022 | Gauntlet | Found a transporter.
  9134 | Gauntlet | Killed a fire crab
  9274 | Gauntlet | Reached skill level 5 in Armour
  9337 | Gauntlet | Noticed a minotaur
  9354 | Gauntlet | Killed a minotaur
  9355 | Gauntlet | Reached XP level 12. HP: 83/119 MP: 11/11
  9382 | Gauntlet | Identified the ring "Yqaok" {+Blink rPois MP+9 Dex-5}
  9683 | D:11     | Noticed a seven-headed hydra
  9696 | D:11     | Killed a seven-headed hydra
  9971 | D:11     | Noticed a two-headed ogre
  9977 | D:11     | Killed a two-headed ogre
 10048 | D:12     | Found Etzisaef's Antique Armour Shop.
 10097 | D:12     | Noticed a two-headed ogre
 10110 | D:12     | Killed a two-headed ogre
 10111 | D:12     | Reached skill level 5 in Throwing
 10210 | D:12     | Found Xochiop's Book Boutique.
 10261 | D:12     | Found Gofuaxt's Antique Armour Shoppe.
 10300 | D:12     | Found Lemunnit's Jewellery Shop.
 10358 | D:12     | Found Teerph's Magic Scroll Emporium.
 10390 | D:12     | Identified the +4 morningstar "Noridy" {elec, rF+ rC-
                  | Will+}
 10445 | D:12     | Noticed a two-headed ogre
 10450 | D:12     | Killed a two-headed ogre
 10675 | D:13     | Noticed a centaur warrior
 10682 | D:13     | Killed a centaur warrior
 10697 | D:13     | Found a flagged portal.
 10703 | Bailey   | Entered a bailey
 10946 | D:13     | Reached skill level 13 in Unarmed Combat
 11156 | D:13     | Noticed a centaur warrior
 11163 | D:13     | Killed a centaur warrior
 11164 | D:13     | Noticed a two-headed ogre
 11172 | D:13     | Killed a two-headed ogre
 11175 | D:13     | Received a gift from Trog
 11777 | Lair:1   | Entered Level 1 of the Lair of Beasts
 11831 | Lair:1   | Found the +1 cloak of Starlight {*Dazzle EV+4 Stlth--}
 11854 | Lair:1   | Reached XP level 13. HP: 131/131 MP: 12/12
 12486 | Lair:2   | Reached skill level 10 in Fighting
 12988 | Lair:2   | Noticed Sonja
 13000 | Lair:2   | Killed Sonja
 13510 | Lair:3   | Reached skill level 14 in Unarmed Combat
 13538 | Lair:3   | Found a staircase to the Swamp.
 13604 | Lair:3   | Found a hole to the Spider Nest.
 14260 | Lair:4   | Noticed Kirke
 14272 | Lair:4   | Killed Kirke
 14273 | Lair:4   | Reached XP level 14. HP: 135/146 MP: 13/13
 14392 | Lair:4   | Noticed Nergalle
 14402 | Lair:4   | Killed Nergalle
 14487 | Lair:4   | Identified the +4 long sword "Lucik" {holy, *Noise Will+
                  | Str+7 Dex-4}
 14880 | Lair:5   | Received a gift from Trog
 15002 | Lair:5   | Found a runed translucent door.
 15008 | Lair:5   | Found a viscous altar of Jiyva.
 15009 | Lair:5   | Found a staircase to the Slime Pits.
 15350 | Lair:5   | Noticed Josephine
 15358 | Lair:5   | Killed Josephine
 15559 | Lair:6   | Entered Level 6 of the Lair of Beasts
 16113 | Lair:6   | Noticed Nessos
 16123 | Lair:6   | Killed Nessos
 16415 | Lair:6   | Reached skill level 15 in Unarmed Combat
 16643 | Lair:6   | Reached XP level 15. HP: 158/158 MP: 14/14
 17460 | Orc:1    | Entered Level 1 of the Orcish Mines
 17474 | Orc:1    | Paralysed by an orc sorcerer for 2 turns
 17479 | Orc:1    | Received a gift from Trog
 17839 | Orc:2    | Entered Level 2 of the Orcish Mines
 17839 | Orc:2    | Found a staircase to the Elven Halls.
 17839 | Orc:2    | Noticed an orc warlord
 18352 | Orc:2    | Killed an orc warlord
 18633 | Orc:2    | Gained mutation: You are clumsy. (Dex -2) [a neqoxec]
 18634 | Orc:2    | Reached skill level 16 in Unarmed Combat
 18634 | Orc:2    | Reached ****** piety under Trog
 18641 | Orc:2    | Found Pafew's Assorted Antiques.
 18641 | Orc:2    | Found Sarchote's Book Emporium.
 18672 | Orc:2    | Found Kueci's Weapon Shop.
 18672 | Orc:2    | Found Rahimialo's Armour Emporium.
 19116 | D:14     | Found a gate to the Vaults.
 19116 | D:14     | Noticed Rupert
 19116 | D:14     | Noticed Urug
 19418 | D:14     | Received a gift from Trog
 19485 | D:14     | Killed Rupert
 19560 | D:14     | Killed Urug
 19617 | D:14     | You are sucked into a shaft and drop 1 floor!
 19617 | D:15     | Entered Level 15 of the Dungeon
 19638 | D:14     | Found an opulent altar of Gozag.
 19747 | D:14     | Identified the +1 chain mail "Puoryeli" {rC+ Dex+3}
 19826 | D:14     | Reached skill level 17 in Unarmed Combat
 20035 | D:14     | Identified the +4 quarterstaff "Domolag" {vorpal, rN+ Will+
                  | Str+3 Dex+3}
 20425 | D:14     | Reached XP level 16. HP: 151/171 MP: 15/15
 20541 | D:14     | Received a gift from Trog
 20669 | D:14     | Found the +27 Lear's hauberk
 21005 | D:15     | Reached skill level 18 in Unarmed Combat
 21721 | D:15     | Found a staircase to the Depths.
 22028 | D:15     | Found a sparkling altar of Nemelex Xobeh.
 22495 | Swamp:1  | Entered Level 1 of the Swamp
 22588 | Swamp:1  | Noticed Nikola
 22666 | Swamp:1  | Killed Nikola
 22867 | Swamp:1  | Received a gift from Trog
 22901 | Swamp:1  | Noticed Louise
 22915 | Swamp:1  | Killed Louise
 22916 | Swamp:1  | Reached skill level 1 in Evocations
 23911 | Swamp:2  | Found an ornate altar of the Wu Jian Council.
 24418 | Swamp:2  | Reached XP level 17. HP: 182/182 MP: 16/16
 24522 | Swamp:2  | Reached skill level 5 in Evocations
 25063 | Swamp:3  | Paralysed by a hornet for 2 turns
 25393 | Swamp:3  | Identified the +6 hand axe of Ru's Condemnation {flame,
                  | rPois rC+++ rCorr Int-5}
 25393 | Swamp:3  | Mangled by a spriggan berserker

Illustrated notes

Levels and vault maps discovered:
D:1:      heliophobic_arrival_dark_side_of_the_moon, layout_basic
D:2:      layout_loops_ring, serial_shops, shop, nicolae_diamond_shop, shop,
          shop, nicolae_lakefront_shop, ebering_ecumenical_altar_sacrificial
D:3:      layout_basic, nzn_wu_jian_council_hall, mrwooster_statue_mirror,
          grunt_ministairs_5, minmay_strange_pillars, serial_bayou_pond_b,
          uniq_ijyb, uniq_sigmund
D:4:      layout_basic, grunt_temple_overflow_open, lightli_minifort,
          uniq_menkaure, uniq_crazy_yiuf_cottage
D:5:      layout_basic, nicolae_overflow_hidden_temple, uniq_eustachio
D:6:      layout_loops_corners, kennysheep_mini, minmay_temple_entry_slanted,
          hangedman_decor_lopped
D:7:      layout_basic, uniq_pikel, uniq_joseph
D:8:      layout_loops_cross, fedhas_altar_4, old_standard_altar, uniq_erica
D:9:      layout_long_grid, erik_lair_dragon, orc_0_dummy, uniq_grum
D:10:     layout_layer_cave, slow_altar_2, okawaru_metal_pillars_1_2,
          lemuel_coloured_pillars_altar
D:11:     layout_loops_cross, gauntlet_entry_generic
D:12:     layout_rooms, serial_shops, shop, shop_fountains,
          nicolae_shop_statue_plus, nicolae_square_shop, nicolae_square_shop
D:13:     layout_roguey, enter_bailey_3
D:14:     lemuel_castle_with_subvaults [lemuel_castle_interior_carwin_1],
          layout_irregular_city, david_vaults_3, grunt_gozag_breadcrumbs
D:15:     hangedman_depths_entry_try_elsewhere_first, layout_small_grid,
          hangedman_abyss_or_decor_stabs, nemelex_diamond_rough_becter
Lair:1:   layout_roguey, lemuel_another_geyser, infiniplex_staircase_pool
Lair:2:   layout_regular_city, bh_autumn_forest_stairs, serial_bayou_lagoon_b,
          uniq_sonja
Lair:3:   layout_cave_pods, palyth_hydra_swamp_entry,
          spider_nest_entry_web_field, grunt_megastairs_4
Lair:4:   layout_roguey, serial_bayou, serial_bayou_pond_e, serial_bayou_pond_c,
          serial_bayou_pond_a, serial_bayou_shore_b, uniq_nergalle, uniq_kirke
Lair:5:   layout_big_grid, slime_altar_2, uniq_josephine
Lair:6:   hangedman_lair_tendril_chambers, layout_hall_layers,
          hangedman_lair_caniforms_friends, serial_bayou_shore_b,
          lemuel_fruit_tree, uniq_nessos
Swamp:1:  layout_basic_swamp, evilmike_swamp_ruin_rubble_2, uniq_louise,
          uniq_nikola
Swamp:2:  cheibrodos_swamp_heart_of_darkness, layout_basic_swamp, basic_altar,
          swamp_pool3, grunt_lady_of_the_lake
Swamp:3:  nzn_winding_woodlands_cross [nzn_winding_woodlands_5x15_twine,
          nzn_winding_woodlands_5x15_pathside_ponds,
          nzn_winding_woodlands_5x15_longhouse,
          nzn_winding_woodlands_5x15_default,
          nzn_winding_woodlands_15x15_five_gardens], layout_falls_marsh,
          nicolae_swamp_fairy_circle, infiniplex_staircase_pool_2
Orc:1:    layout_caves
Orc:2:    grunt_orc_tribal_feast, layout_caves, statue_in_the_mist_lemuel

Skill      XL: |  1  2  3  4  5  6  7  8  9 10 11 12 13 14 15 16 17 |
---------------+----------------------------------------------------+-----
Unarmed Combat | 4 5 6 7 9 10 12 13 14 15 17 18 | 18.7
Fighting       | 3 4 5 6 7 8 9 11 12 13 14 | 14.4
Dodging        | 3 4 5 6 7 8 |  8.0
Armour         | 5 7 |  7.2
Throwing       | 4 6 8 9 |  9.6
Evocations     | 4 7 |  7.5

Action                   |  1- 3 |  4- 6 |  7- 9 | 10-12 | 13-15 | 16-18 || total
-------------------------+-------+-------+-------+-------+-------+-------++-------
Melee: Unarmed           |   106 |    87 |   214 |   598 |  1109 |   365 ||  2479
       Punch             |       |     5 |     8 |    46 |   137 |    48 ||   244
Throw: Large rock        |       |       |       |     3 |    36 |   187 ||   226
Invok: Berserk           |       |     2 |     5 |    10 |    16 |    10 ||    43
       Trog's Hand       |       |     2 |     5 |     6 |     9 |     6 ||    28
       Brothers in Arms  |       |       |       |     2 |     9 |       ||    11
Evoke: Wand              |       |       |       |       |     4 |       ||     4
  Use: Scroll            |       |       |       |    14 |     8 |    15 ||    37
       Potion            |       |       |       |       |     1 |       ||     1
 Stab: Sleeping          |     1 |     1 |       |       |       |       ||     2
       Invisible         |       |       |       |       |    36 |     8 ||    44
       Confused          |       |       |       |       |       |     2 ||     2
Armor: Animal skin       |    32 |    23 |    46 |    17 |       |       ||   118
       Acid dragon scale |       |       |       |   185 |   410 |   129 ||   724
       Steam dragon scal |       |       |       |     1 |       |       ||     1
Dodge: Dodged            |    45 |    39 |    91 |   444 |  1171 |   332 ||  2122
Block: Other             |       |     1 |       |       |       |       ||     1

Table legend: (Time is in decaauts)
 A = Elapsed time spent in this place.
 B = Non-inter-level travel time spent in this place.
 C = Inter-level travel time spent in this place.
 D = Time resting spent in this place.
 E = Time spent auto-exploring this place.
 F = Levels seen in this place.
 G = Mean time per level.
                   A        B        C        D        E       F      G
               +--------+--------+--------+--------+--------+-----+--------+
         Total |  25283 |  23547 |   1736 |   2465 |  16178 |  28 |  903.0 |
       Dungeon |  14494 |  13371 |   1123 |   1213 |   9700 |  15 |  966.3 |
          Lair |   5656 |   5185 |    471 |    538 |   3635 |   6 |  942.7 |
         Swamp |   2915 |   2852 |     63 |    420 |   1695 |   3 |  971.7 |
  Orcish Mines |   1378 |   1300 |     78 |    173 |    808 |   2 |  689.0 |
        Bailey |    218 |    218 |      0 |     17 |     71 |   1 |  218.0 |
      Gauntlet |    620 |    620 |      0 |    102 |    267 |   1 |  620.0 |
               +--------+--------+--------+--------+--------+-----+--------+

Top non-repeatable levels by time:
    D:14: 2026 daAuts
  Lair:6: 1525 daAuts
     D:9: 1463 daAuts
 Swamp:2: 1349 daAuts
    D:10: 1206 daAuts
  Lair:3: 1108 daAuts
     D:4: 1102 daAuts
    D:13: 1024 daAuts
     D:3: 1017 daAuts
 Swamp:1: 1009 daAuts
     D:7: 869 daAuts
  Lair:5: 856 daAuts
    D:15: 841 daAuts
     D:6: 837 daAuts
     D:5: 771 daAuts
